Selects Italian Combined Arms Battlegroup
Selects Bersaglieri Squad
Construct Light Support Kompanie
Selects Bersaglieri Bolster
Construct Mechanized Kompanie
Selects Breda Model 30 Light Machine Guns
Panzerjäger Mechanized Group
Marder III Tank Destroyer
Marder III Tank Destroyer
Selects Semovente da 75/18 Assault Gun
254 Reconnaissance Tractor
Construct Panzerarmee Kommand
Walking Stuka Rocket Launcher